General information
- name: BNet
- type: Ladder team game (AT/RT)
- host: Battle.net
- saver: TheCoffinRoad
map: FullScaleAssault
- players: 8
- length: 91:11
- speed: Fast
- version: 1.27 W3XP
- replay type: Public
» download(401 KB)
Players
team 1 (loser)

»
soufusa (
red | 31 APM | 553 actions | 17:45)
4 Dreadlord
2 Carrion Swarm
2 Vampiric Aura
» actions
| Assign group hotkey | 4 | |
| Build / train | 50 | |
| Enter build submenu | 14 | |
| Enter hero's abilities submenu | 4 | |
| Remove unit from queue | 2 | |
| Right click | 220 | |
| Select / deselect | 213 | |
| Select group hotkey | 21 | |
| Use ability | 25 | |
553 total
» units
| Acolyte | 12 | |
| Ghoul | 3 | |
| Gargoyle | 19 | |
| Goblin Zeppelin | 1 | |
35 total
» upgrades
| Creature Carapace | 3 | |
| Creature Attack | 2 | |
| Stone Form | 1 | |
6 total
» buildings
| Graveyard | 1 | |
| Crypt | 3 | |
| Ziggurat | 8 | |
| Halls of the Dead | 1 | |
| Altar of Darkness | 1 | |
| Necropolis | 1 | |
| Black Citadel | 1 | |
16 total
» build order
00:17 Graveyard
00:26 Crypt
00:40 Ziggurat
02:10 Halls of the Dead
02:32 Altar of Darkness
02:50 Ziggurat
02:55 Ziggurat
03:22 Ziggurat
03:25 Ziggurat
03:48 Crypt
04:11 Crypt
09:57 Necropolis
11:29 Black Citadel
12:24 Ziggurat
12:25 Ziggurat
12:29 Ziggurat
TheCoffinRoad (
orange | 78 APM | 7149 actions | 91:11)
9 Death Knight
3 Death Coil
3 Unholy Aura
1 Animate Dead
2 Death Pact
9 Crypt Lord
3 Carrion Beetles
3 Impale
1 Locust Swarm
2 Spiked Carapace
» actions
| Assign group hotkey | 63 | |
| Basic commands | 512 | |
| Build / train | 234 | |
| ESC pressed | 40 | |
| Enter build submenu | 89 | |
| Enter hero's abilities submenu | 20 | |
| Give item / drop item | 18 | |
| Right click | 2451 | |
| Select / deselect | 1193 | |
| Select group hotkey | 1832 | |
| Use ability | 694 | |
7149 total
» units
| Acolyte | 17 | |
| Ghoul | 2 | |
| Crypt Fiend | 11 | |
| Goblin Shredder | 5 | |
| Goblin Zeppelin | 18 | |
| Obsidian Statue | 5 | |
| Blue Dragon | 4 | |
| Abomination | 2 | |
| Gargoyle | 1 | |
| Banshee | 2 | |
| Necromancer | 3 | |
| Meatwagon | 1 | |
| Frost Wyrm | 1 | |
72 total
» upgrades
| Creature Attack | 3 | |
| Creature Carapace | 3 | |
| Burrow | 1 | |
| Web | 1 | |
| Destroyer Form | 1 | |
| Nature's Blessing | 1 | |
| Well Spring | 1 | |
| Unholy Armor | 3 | |
| Disease Cloud | 1 | |
| Unholy Strength | 3 | |
| Necromancer Training | 2 | |
| Banshee Training | 2 | |
| Skeletal Longevity | 1 | |
| Skeletal Mastery | 1 | |
| Exhume Corpses | 1 | |
| Stone Form | 1 | |
| Ghoul Frenzy | 1 | |
| Cannibalize | 1 | |
| Backpack | 1 | |
| Freezing Breath | 1 | |
| Strength of the Wild | 1 | |
| Reinforced Hides | 1 | |
| Moon Armor | 1 | |
33 total
» buildings
| Graveyard | 3 | |
| Crypt | 4 | |
| Altar of Darkness | 1 | |
| Ziggurat | 35 | |
| Tomb of Relics | 3 | |
| Necropolis | 3 | |
| Halls of the Dead | 2 | |
| Nerubian Tower | 20 | |
| Black Citadel | 4 | |
| Slaughterhouse | 4 | |
| Spirit Tower | 56 | |
| Sacrificial Pit | 1 | |
| Boneyard | 3 | |
| Ancient Protector | 13 | |
| Temple of the Damned | 4 | |
156 total
» build order
00:07 Graveyard
00:12 Crypt
00:41 Altar of Darkness
00:56 Ziggurat
01:36 Tomb of Relics
02:02 Ziggurat
04:14 Necropolis
05:25 Ziggurat
05:43 Halls of the Dead
05:43 Halls of the Dead
06:09 Nerubian Tower
06:52 Nerubian Tower
08:09 Black Citadel
08:09 Black Citadel
08:10 Black Citadel
08:29 Slaughterhouse
08:34 Ziggurat
08:36 Ziggurat
08:38 Ziggurat
08:55 Ziggurat
09:25 Spirit Tower
09:25 Spirit Tower
09:25 Spirit Tower
09:27 Spirit Tower
09:28 Spirit Tower
10:13 Spirit Tower
10:15 Spirit Tower
10:15 Spirit Tower
10:15 Spirit Tower
10:23 Slaughterhouse
10:28 Slaughterhouse
10:33 Slaughterhouse
10:35 Crypt
12:00 Necropolis
13:14 Sacrificial Pit
14:50 Boneyard
14:55 Boneyard
14:58 Boneyard
15:10 Crypt
15:14 Crypt
15:15 Ziggurat
15:22 Ziggurat
15:33 Ziggurat
15:53 Ziggurat
15:55 Ziggurat
15:56 Ziggurat
15:57 Ziggurat
15:58 Ziggurat
16:33 Ziggurat
16:38 Ziggurat
18:09 Spirit Tower
18:10 Spirit Tower
18:10 Spirit Tower
18:35 Tomb of Relics
19:01 Ziggurat
19:03 Ziggurat
19:05 Ziggurat
19:06 Spirit Tower
19:07 Spirit Tower
19:12 Spirit Tower
19:12 Spirit Tower
19:13 Spirit Tower
19:41 Ziggurat
19:46 Ancient Protector
19:47 Ancient Protector
19:48 Ancient Protector
19:49 Ancient Protector
19:51 Ancient Protector
19:56 Ancient Protector
20:00 Ancient Protector
20:03 Ancient Protector
20:04 Ancient Protector
20:05 Ancient Protector
20:06 Ancient Protector
20:09 Ancient Protector
20:11 Ancient Protector
20:15 Spirit Tower
20:15 Spirit Tower
20:15 Spirit Tower
20:22 Nerubian Tower
20:22 Nerubian Tower
20:22 Nerubian Tower
20:22 Nerubian Tower
20:23 Nerubian Tower
21:03 Nerubian Tower
21:03 Spirit Tower
21:06 Nerubian Tower
21:06 Spirit Tower
21:50 Spirit Tower
21:51 Spirit Tower
21:51 Spirit Tower
21:52 Ziggurat
21:53 Ziggurat
21:54 Ziggurat
21:55 Ziggurat
22:06 Ziggurat
22:07 Ziggurat
22:16 Ziggurat
22:19 Ziggurat
22:22 Ziggurat
23:49 Nerubian Tower
23:49 Nerubian Tower
23:49 Spirit Tower
23:50 Spirit Tower
23:50 Spirit Tower
23:50 Spirit Tower
23:50 Spirit Tower
23:51 Spirit Tower
23:55 Spirit Tower
23:55 Spirit Tower
23:56 Spirit Tower
23:58 Nerubian Tower
23:58 Nerubian Tower
23:58 Nerubian Tower
24:02 Spirit Tower
24:02 Spirit Tower
24:07 Nerubian Tower
24:07 Spirit Tower
24:07 Spirit Tower
30:27 Necropolis
31:17 Ziggurat
31:18 Ziggurat
31:19 Ziggurat
31:21 Ziggurat
32:13 Spirit Tower
32:13 Spirit Tower
32:14 Spirit Tower
32:15 Spirit Tower
32:15 Spirit Tower
32:17 Spirit Tower
51:20 Temple of the Damned
51:23 Temple of the Damned
51:25 Temple of the Damned
61:46 Temple of the Damned
85:11 Graveyard
85:39 Graveyard
85:45 Ziggurat
85:50 Tomb of Relics
» items
| Rod of Necromancy | 2 | |
| Sacrificial Skull | 1 | |
| Boots of Speed | 1 | |
| Periapt of Vitality | 1 | |
| Scroll of Town Portal | 4 | |
| Orb of Corruption | 1 | |
10 total

»
Janoh (
yellow | 43 APM | 3948 actions | 91:11)
7 Crypt Lord
3 Spiked Carapace
3 Impale
1 Locust Swarm
1 Dreadlord
1 Carrion Swarm
» actions
| Assign group hotkey | 47 | |
| Basic commands | 103 | |
| Build / train | 154 | |
| ESC pressed | 22 | |
| Enter build submenu | 71 | |
| Enter hero's abilities submenu | 12 | |
| Give item / drop item | 7 | |
| Right click | 1374 | |
| Select / deselect | 1118 | |
| Select group hotkey | 861 | |
| Use ability | 163 | |
3948 total
» units
| Acolyte | 13 | |
| Ghoul | 11 | |
| Crypt Fiend | 10 | |
| Frost Wyrm | 11 | |
| Wisp | 41 | |
| Dryad | 8 | |
| Gargoyle | 4 | |
| Archer | 10 | |
| Glaive Thrower | 10 | |
118 total
» upgrades
| Creature Attack | 3 | |
| Web | 1 | |
| Creature Carapace | 2 | |
| Freezing Breath | 1 | |
| Improved Bows | 1 | |
| Vorpal Blades | 1 | |
| Moon Armor | 1 | |
| Strength of the Wild | 1 | |
11 total
» buildings
| Crypt | 1 | |
| Ziggurat | 19 | |
| Altar of Darkness | 1 | |
| Graveyard | 1 | |
| Nerubian Tower | 2 | |
| Halls of the Dead | 2 | |
| Sacrificial Pit | 1 | |
| Black Citadel | 1 | |
| Tomb of Relics | 1 | |
| Spirit Tower | 3 | |
| Boneyard | 3 | |
| Moon Well | 8 | |
| Ancient of War | 3 | |
| Tree of Life | 3 | |
| Hunter's Hall | 3 | |
| Tree of Ages | 2 | |
| Altar of Elders | 3 | |
| Necropolis | 2 | |
| Tree of Eternity | 1 | |
| Ancient of Wind | 1 | |
61 total
» build order
00:12 Crypt
00:13 Ziggurat
00:36 Altar of Darkness
01:00 Ziggurat
02:00 Ziggurat
02:11 Graveyard
02:32 Nerubian Tower
03:27 Halls of the Dead
06:14 Sacrificial Pit
06:45 Ziggurat
08:04 Ziggurat
08:05 Ziggurat
08:06 Ziggurat
08:12 Black Citadel
08:36 Tomb of Relics
09:02 Spirit Tower
09:04 Spirit Tower
09:05 Spirit Tower
09:07 Nerubian Tower
10:46 Boneyard
10:48 Boneyard
11:19 Boneyard
11:26 Ziggurat
11:28 Ziggurat
19:01 Ziggurat
19:01 Ziggurat
19:02 Ziggurat
26:25 Moon Well
26:46 Moon Well
34:15 Ancient of War
34:20 Moon Well
34:23 Ancient of War
35:24 Tree of Life
36:04 Hunter's Hall
36:39 Moon Well
37:32 Moon Well
38:13 Tree of Ages
39:07 Moon Well
39:11 Moon Well
39:12 Moon Well
40:31 Hunter's Hall
42:10 Tree of Life
47:01 Altar of Elders
48:01 Altar of Elders
51:45 Tree of Life
52:55 Necropolis
53:12 Necropolis
54:22 Ancient of War
54:33 Altar of Elders
54:53 Tree of Ages
55:01 Hunter's Hall
55:17 Halls of the Dead
55:22 Ziggurat
55:23 Ziggurat
55:23 Ziggurat
55:25 Ziggurat
55:28 Ziggurat
55:28 Ziggurat
55:29 Ziggurat
57:18 Tree of Eternity
57:25 Ancient of Wind
» items
| Scroll of Town Portal | 3 | |
| Orb of Corruption | 2 | |
5 total

»
COMBAT_VET (
pink | 32 APM | 574 actions | 17:49)
4 Warden
2 Fan of Knives
2 Blink
1 Goblin Alchemist
1 Healing Spray
» actions
| Assign group hotkey | 15 | |
| Basic commands | 4 | |
| Build / train | 65 | |
| Enter build submenu | 14 | |
| Enter hero's abilities submenu | 5 | |
| Right click | 162 | |
| Select / deselect | 192 | |
| Select group hotkey | 75 | |
| Use ability | 42 | |
574 total
» units
| Wisp | 22 | |
| Archer | 1 | |
| Huntress | 14 | |
| Dryad | 3 | |
40 total
» upgrades
| Ultravision | 1 | |
| Strength of the Moon | 3 | |
| Moon Armor | 2 | |
| Upgrade Moon Glaive | 1 | |
| Sentinel | 1 | |
| Abolish Magic | 1 | |
| Strength of the Wild | 1 | |
| Reinforced Hides | 1 | |
11 total
» buildings
| Altar of Elders | 1 | |
| Moon Well | 5 | |
| Ancient of War | 2 | |
| Hunter's Hall | 1 | |
| Ancient of Wonders | 1 | |
| Ancient Protector | 1 | |
| Tree of Ages | 1 | |
| Tree of Eternity | 1 | |
| Tree of Life | 1 | |
| Ancient of Lore | 2 | |
16 total
» build order
00:13 Altar of Elders
00:31 Moon Well
01:01 Moon Well
01:27 Ancient of War
02:12 Hunter's Hall
03:01 Ancient of Wonders
03:21 Ancient Protector
05:40 Moon Well
06:00 Tree of Ages
08:17 Moon Well
08:18 Moon Well
08:24 Tree of Eternity
08:57 Tree of Life
10:25 Ancient of War
14:47 Ancient of Lore
14:50 Ancient of Lore
» items
| Scroll of Town Portal | 1 | |
| Potion of Healing | 1 | |
| Scroll of Protection | 1 | |
| Potion of Lesser Invulnerability | 1 | |
| Scroll of Healing | 1 | |
5 total
team 2 (winner)

»
iCRASHED (
teal | 68 APM | 2398 actions | 35:01)
6 Death Knight
3 Death Coil
2 Unholy Aura
1 Animate Dead
» actions
| Assign group hotkey | 48 | |
| Basic commands | 137 | |
| Build / train | 67 | |
| ESC pressed | 6 | |
| Enter build submenu | 27 | |
| Enter hero's abilities submenu | 6 | |
| Give item / drop item | 3 | |
| Right click | 1368 | |
| Select / deselect | 272 | |
| Select group hotkey | 380 | |
| Use ability | 84 | |
2398 total
» units
| Acolyte | 12 | |
| Ghoul | 3 | |
| Frost Wyrm | 15 | |
| Goblin Zeppelin | 1 | |
31 total
» upgrades
| Creature Attack | 2 | |
| Creature Carapace | 2 | |
| Freezing Breath | 1 | |
5 total
» buildings
| Ziggurat | 8 | |
| Graveyard | 2 | |
| Crypt | 1 | |
| Altar of Darkness | 1 | |
| Tomb of Relics | 1 | |
| Nerubian Tower | 2 | |
| Spirit Tower | 1 | |
| Halls of the Dead | 3 | |
| Black Citadel | 5 | |
| Sacrificial Pit | 1 | |
| Boneyard | 3 | |
| Necropolis | 1 | |
29 total
» build order
00:09 Ziggurat
01:04 Graveyard
01:09 Graveyard
01:15 Crypt
01:19 Altar of Darkness
01:25 Ziggurat
01:30 Tomb of Relics
01:44 Nerubian Tower
02:30 Nerubian Tower
02:37 Spirit Tower
02:50 Ziggurat
03:45 Halls of the Dead
03:45 Halls of the Dead
04:37 Ziggurat
06:06 Black Citadel
06:06 Black Citadel
06:06 Black Citadel
06:14 Sacrificial Pit
06:59 Ziggurat
08:28 Boneyard
08:30 Boneyard
08:35 Boneyard
09:45 Ziggurat
18:45 Necropolis
20:46 Ziggurat
20:48 Ziggurat
» items
| Rod of Necromancy | 1 | |
| Dust of Appearance | 1 | |
| Scroll of Town Portal | 2 | |
| Potion of Lesser Invulnerability | 1 | |
5 total
SecretAgentMan (
blue | 53 APM | 2074 actions | 38:52)
6 Archmage
3 Summon Water Elemental
2 Brilliance Aura
1 Mass Teleport
» actions
| Assign group hotkey | 39 | |
| Basic commands | 282 | |
| Build / train | 80 | |
| Enter build submenu | 64 | |
| Enter hero's abilities submenu | 6 | |
| Give item / drop item | 6 | |
| Right click | 703 | |
| Select / deselect | 438 | |
| Select group hotkey | 297 | |
| Use ability | 159 | |
2074 total
» units
| Peasant | 14 | |
| Footman | 5 | |
| Goblin Shredder | 1 | |
| Gryphon Rider | 11 | |
| Goblin Zeppelin | 2 | |
| Goblin Sapper | 2 | |
35 total
» upgrades
| Masonry | 3 | |
| Storm Hammers | 1 | |
| Swords | 3 | |
| Armor | 3 | |
| Animal War Training | 1 | |
| Cloud | 1 | |
12 total
» buildings
| Altar of Kings | 1 | |
| Barracks | 1 | |
| Farm | 15 | |
| Arcane Vault | 2 | |
| Keep | 1 | |
| Scout Tower | 73 | |
| Town Hall | 2 | |
| Arcane Tower | 1 | |
| Lumber Mill | 1 | |
| Guard Tower | 15 | |
| Castle | 1 | |
| Gryphon Aviary | 6 | |
| Blacksmith | 2 | |
121 total
» build order
00:37 Altar of Kings
00:38 Barracks
00:50 Farm
00:51 Farm
01:06 Farm
01:35 Farm
03:07 Arcane Vault
03:28 Keep
03:59 Scout Tower
04:19 Town Hall
04:21 Scout Tower
04:21 Scout Tower
04:22 Scout Tower
04:23 Scout Tower
04:27 Arcane Tower
05:38 Lumber Mill
07:03 Guard Tower
07:42 Castle
08:31 Gryphon Aviary
08:38 Gryphon Aviary
08:43 Blacksmith
08:45 Gryphon Aviary
08:50 Blacksmith
08:52 Farm
09:20 Scout Tower
09:21 Scout Tower
09:22 Scout Tower
09:22 Scout Tower
09:24 Scout Tower
09:25 Scout Tower
09:27 Scout Tower
09:27 Scout Tower
09:28 Scout Tower
09:29 Scout Tower
09:29 Scout Tower
09:34 Scout Tower
09:35 Scout Tower
09:35 Scout Tower
10:36 Guard Tower
11:30 Scout Tower
11:30 Scout Tower
11:31 Scout Tower
12:54 Guard Tower
13:00 Guard Tower
14:39 Guard Tower
15:15 Scout Tower
15:17 Scout Tower
15:19 Scout Tower
15:21 Scout Tower
15:24 Scout Tower
16:39 Guard Tower
18:16 Scout Tower
18:16 Scout Tower
18:16 Scout Tower
18:17 Scout Tower
18:17 Scout Tower
18:18 Scout Tower
18:19 Scout Tower
18:19 Scout Tower
18:20 Scout Tower
18:20 Scout Tower
18:20 Scout Tower
18:20 Scout Tower
19:20 Guard Tower
20:08 Guard Tower
20:57 Town Hall
21:02 Arcane Vault
21:06 Scout Tower
21:06 Scout Tower
21:07 Scout Tower
21:07 Scout Tower
21:08 Scout Tower
21:09 Scout Tower
21:09 Scout Tower
21:10 Scout Tower
21:10 Scout Tower
21:12 Scout Tower
21:12 Scout Tower
21:13 Scout Tower
21:15 Scout Tower
21:16 Scout Tower
22:09 Scout Tower
22:09 Scout Tower
22:10 Scout Tower
22:10 Scout Tower
22:11 Scout Tower
22:12 Scout Tower
22:14 Scout Tower
22:15 Scout Tower
22:16 Scout Tower
22:17 Scout Tower
22:18 Scout Tower
22:18 Scout Tower
22:19 Scout Tower
22:19 Scout Tower
22:20 Scout Tower
22:32 Guard Tower
22:50 Farm
22:51 Farm
22:51 Farm
22:51 Farm
22:52 Farm
22:53 Farm
22:54 Farm
22:54 Farm
22:54 Farm
22:55 Farm
23:24 Guard Tower
23:50 Guard Tower
24:00 Guard Tower
25:23 Guard Tower
28:13 Guard Tower
» items
| Scroll of Regeneration | 2 | |
| Mechanical Critter | 2 | |
| Scroll of Town Portal | 1 | |
| Staff of Teleportation | 1 | |
| Potion of Lesser Invulnerability | 1 | |
| Potion of Invisibility | 1 | |
8 total
Deathtome (
green | 36 APM | 1288 actions | 35:53)
6 Blood Mage
3 Flame Strike
2 Siphon Mana
1 Summon Phoenix
5 Dark Ranger
2 Black Arrow
3 Life Drain
2 Firelord
1 Summon Lava Spawn
1 Incinerate
» actions
| Assign group hotkey | 25 | |
| Basic commands | 93 | |
| Build / train | 130 | |
| Enter build submenu | 29 | |
| Enter hero's abilities submenu | 14 | |
| Give item / drop item | 4 | |
| Remove unit from queue | 8 | |
| Right click | 415 | |
| Select / deselect | 307 | |
| Select group hotkey | 200 | |
| Use ability | 63 | |
1288 total
» units
| Peasant | 18 | |
| Footman | 9 | |
| Knight | 6 | |
| Rifleman | 8 | |
| Flying Machine | 13 | |
54 total
» upgrades
| Swords | 3 | |
| Lumber Harvesting | 2 | |
| Plating | 3 | |
| Animal War Training | 1 | |
| Long Rifles | 1 | |
| Gunpowder | 3 | |
| Masonry | 2 | |
| Armor | 1 | |
| Flare | 0 | |
| Flying Machine Bombs | 1 | |
| Flak Cannons | 1 | |
18 total
» buildings
| Altar of Kings | 1 | |
| Farm | 11 | |
| Barracks | 2 | |
| Scout Tower | 3 | |
| Lumber Mill | 2 | |
| Keep | 14 | |
| Blacksmith | 2 | |
| Town Hall | 2 | |
| Castle | 1 | |
| Guard Tower | 3 | |
| Workshop | 2 | |
43 total
» build order
00:08 Altar of Kings
00:10 Farm
01:22 Farm
01:33 Barracks
02:10 Barracks
02:30 Scout Tower
02:36 Farm
03:10 Lumber Mill
03:31 Farm
03:37 Farm
04:50 Keep
04:51 Keep
04:52 Keep
06:15 Blacksmith
07:42 Town Hall
08:44 Castle
08:48 Blacksmith
11:14 Scout Tower
11:16 Guard Tower
11:48 Scout Tower
11:51 Guard Tower
13:17 Farm
13:20 Farm
13:21 Farm
13:23 Guard Tower
15:22 Farm
15:23 Farm
15:24 Farm
20:36 Workshop
24:51 Lumber Mill
26:36 Town Hall
28:49 Workshop
» items
| Scroll of Town Portal | 6 | |
| Periapt of Vitality | 2 | |
| Circlet of Nobility | 6 | |
| Scroll of Healing | 2 | |
16 total
tri86 (
purple | 34 APM | 3074 actions | 91:11)
6 Dark Ranger
3 Black Arrow
2 Life Drain
1 Charm
5 Priestess of the Moon
2 Searing Arrows
3 Trueshot Aura
2 Naga Sea Witch
1 Frost Arrows
1 Mana Shield
» actions
| Assign group hotkey | 57 | |
| Basic commands | 447 | |
| Build / train | 111 | |
| Enter build submenu | 27 | |
| Enter hero's abilities submenu | 13 | |
| Give item / drop item | 2 | |
| Right click | 751 | |
| Select / deselect | 560 | |
| Select group hotkey | 1030 | |
| Use ability | 52 | |
3074 total
» units
| Wisp | 43 | |
| Archer | 20 | |
| Druid of the Talon | 8 | |
| Blue Drake | 1 | |
| Mur'gul Snarecaster | 1 | |
| Giant Sea Turtle | 1 | |
74 total
» upgrades
| Strength of the Moon | 3 | |
| Moon Armor | 3 | |
| Druid of the Talon Training | 2 | |
| Marksmanship | 1 | |
| Improved Bows | 1 | |
| Well Spring | 1 | |
| Ultravision | 1 | |
| Nature's Blessing | 1 | |
13 total
» buildings
| Altar of Elders | 1 | |
| Moon Well | 6 | |
| Ancient of War | 3 | |
| Hunter's Hall | 1 | |
| Tree of Ages | 1 | |
| Tree of Eternity | 1 | |
| Ancient of Wonders | 1 | |
| Ancient of Wind | 3 | |
| Tree of Life | 5 | |
| Ancient Protector | 5 | |
27 total
» build order
00:11 Altar of Elders
00:17 Moon Well
02:02 Ancient of War
02:06 Ancient of War
02:11 Hunter's Hall
02:22 Moon Well
02:46 Moon Well
02:52 Moon Well
06:20 Tree of Ages
08:41 Tree of Eternity
08:48 Ancient of Wonders
08:54 Ancient of Wind
08:58 Ancient of Wind
18:26 Tree of Life
18:31 Tree of Life
22:17 Moon Well
22:21 Moon Well
24:59 Ancient of War
25:05 Ancient of Wind
28:38 Tree of Life
28:51 Tree of Life
34:16 Tree of Life
37:53 Ancient Protector
37:55 Ancient Protector
37:57 Ancient Protector
37:59 Ancient Protector
38:02 Ancient Protector
» items
| Scroll of Town Portal | 5 | |
| Orb of Venom | 1 | |
6 total
Chat log
(00:09 / All) SecretAgentMan: ALL THE STARS WILL TELL TEH STORY
(00:12 / All) SecretAgentMan: OF OUR LOVE IN ALL ITS GLORY
(00:16 / All) SecretAgentMan: LETS US TAKE THIS NIGHT OF MAGIC
(00:22 / All) SecretAgentMan: AND MAKE IT A NIGHT OF LOVE!!!
(00:24 / All) Janoh: youre majestic
(00:30 / All) SecretAgentMan: WONT YOU PLEASE SURRENDER TO ME
(00:33 / All) SecretAgentMan: YOUR LIPS YOUR ARMS blah blah
(00:40 / Allies) COMBAT_VET: rush?
(00:42 / Allies) COMBAT_VET: 3 undead
(00:45 / Allies) COMBAT_VET: ghoal rush
(00:47 / All) iCRASHED: woman are sluts
(00:49 / Allies) Janoh: lol
(00:49 / All) iCRASHED: that is all
(01:05 / All) SecretAgentMan: even the mommies and grannies
(01:22 / Allies) soufusa: wood please
(01:25 / Allies) Janoh: yeah we can ghoul rush.
(01:35 / Allies) soufusa: lol
(01:35 / Allies) soufusa: no
(01:47 / Allies) Janoh: ?
(01:50 / Allies) Janoh: ok
(03:00 / Allies) soufusa: massing gargs
(03:06 / Allies) Janoh: zzz
(03:15 / Allies) COMBAT_VET: we rushin gright now though
(03:16 / Allies) Janoh: such a better strat
(03:52 / Allies) soufusa: spare gold please
(04:00 / Allies) COMBAT_VET: rescue
(04:03 / All) iCRASHED: thx
(04:26 / Allies) soufusa: clear please
(04:37 / All) COMBAT_VET: uh i was trying to surrender
(04:40 / All) iCRASHED: true
(04:41 / All) COMBAT_VET: and drop bue
(04:43 / All) iCRASHED: u won't get a single unit
(04:47 / All) SecretAgentMan: lost a footman
(04:51 / Allies) COMBAT_VET: lets hit
(05:03 / Allies) COMBAT_VET: dont hit teal
(05:04 / Allies) COMBAT_VET: hit here
(05:16 / All) iCRASHED: where art thou?
(05:21 / Allies) COMBAT_VET: wtf
(05:22 / Allies) COMBAT_VET: lets hit
(05:26 / Allies) COMBAT_VET: come on
(05:37 / Allies) TheCoffinRoad: I never agreed to rush
(05:41 / Allies) soufusa: gold please
(05:44 / Allies) COMBAT_VET: i am about to leave
(05:47 / Allies) TheCoffinRoad: out then
(05:53 / All) iCRASHED: gj yellow
(05:54 / All) Janoh: itry
(05:58 / Allies) soufusa: gj on hero kill
(06:12 / Allies) COMBAT_VET: we where suppose to ghoal rush them
(06:16 / Allies) COMBAT_VET: what are we doing
(06:23 / Allies) Janoh: red didnt rush
(06:24 / Allies) Janoh: so
(06:26 / Allies) Janoh: were not
(06:27 / Allies) COMBAT_VET: i would have gone different then
(06:28 / Allies) TheCoffinRoad: not everyone is just going to do what YOU want
(06:29 / Allies) COMBAT_VET: why did u not speak up
(06:32 / Allies) Janoh: he did..
(06:59 / Allies) COMBAT_VET: stop following me
(07:02 / Allies) soufusa: pink please spare gold just 100
(09:17 / Allies) COMBAT_VET: hit there expo
(10:47 / Allies) COMBAT_VET: look at that
(11:25 / Allies) COMBAT_VET: we neeed to hit together
(11:37 / Allies) COMBAT_VET: gold please for scrolls
(12:17 / Allies) COMBAT_VET: hit?
(12:28 / Allies) COMBAT_VET: come yellow lets go
(13:05 / All) COMBAT_VET: gg we lost
(13:08 / Allies) COMBAT_VET: not together here
(13:10 / All) SecretAgentMan: my god
(13:23 / All) iCRASHED: hey noob
(13:27 / All) iCRASHED: we meet again
(13:36 / All) TheCoffinRoad: talking to yourself?
(13:44 / Allies) COMBAT_VET: lol
(13:47 / All) COMBAT_VET: thats funny
(14:20 / Allies) Janoh: lol
(14:22 / Allies) Janoh: yeah okay
(14:26 / All) COMBAT_VET: haha
(14:40 / All) COMBAT_VET: but please drop this fucker
(14:45 / All) TheCoffinRoad: LOL
(14:52 / All) soufusa: D
(14:53 / All) COMBAT_VET: D
(14:53 / All) SecretAgentMan: my net was "upgraded" too lawol
(14:54 / All) soufusa: D
(15:08 / Allies) soufusa: meet
(15:39 / Allies) COMBAT_VET: we never once corrdinated an attack
(16:00 / Allies) COMBAT_VET: willl try to get drads
(16:34 / Allies) COMBAT_VET: where is orange
(16:49 / Allies) TheCoffinRoad: it's not your job to monitor me
(16:54 / Allies) TheCoffinRoad: I do what I want, I'm not your slave
(16:57 / All) COMBAT_VET: u suck lol
(16:57 / All) iCRASHED: ..
(17:03 / All) TheCoffinRoad: want me to build up to 100 food and destroy your entire base teal?
(17:48 / All) iCRASHED: ez
(17:50 / All) SecretAgentMan: good garg work
(17:51 / All) TheCoffinRoad: Teal massing wyrms and calling others trash LOL
(17:54 / All) TheCoffinRoad: hard strat you got there
(17:57 / All) Deathtome: gg
(17:58 / All) Janoh: =x
(17:59 / All) iCRASHED: gg
(18:00 / All) iCRASHED: bad
(18:02 / All) TheCoffinRoad: You lose teal
(18:08 / All) iCRASHED: yellow only good player on ur side
(19:05 / All) Janoh: This is painful
(19:08 / All) iCRASHED:
(21:11 / All) iCRASHED: we did same thing yellow
(21:12 / All) iCRASHED: -.-
(21:23 / All) Janoh: well red's first claim was... "mass gargs"
(21:28 / All) Janoh: so I thought.. fuck it, may as well
(21:33 / All) iCRASHED: yep
(21:46 / All) TheCoffinRoad: out
(22:31 / All) iCRASHED: D
(22:32 / All) iCRASHED: D
(22:32 / All) iCRASHED: D
(22:33 / All) iCRASHED: D
(24:36 / All) TheCoffinRoad: pure wyrm one dk lol
(24:36 / All) TheCoffinRoad: thinks he's hot shit
(24:38 / All) iCRASHED: LOL raped
(24:41 / All) TheCoffinRoad: Nah
(24:44 / All) iCRASHED: y
(24:47 / All) TheCoffinRoad: nope
(24:48 / All) iCRASHED: loss for u
(24:48 / All) TheCoffinRoad: Loss for you, you get raped
(24:49 / All) TheCoffinRoad: Leave now and save yourself the pain
(24:49 / All) iCRASHED: sure
(24:55 / All) TheCoffinRoad: raped
(25:01 / All) iCRASHED: >?
(27:17 / All) TheCoffinRoad: lol
(27:20 / All) TheCoffinRoad: little late on that tp
(27:25 / All) iCRASHED: me and blue are dueling
(27:27 / All) iCRASHED: do u mind?
(27:38 / All) TheCoffinRoad: there's no duel, that implies two fighting participants
(27:41 / All) TheCoffinRoad: but all you do is lie back and take it
(27:46 / All) iCRASHED: we are tking LOL
(28:29 / All) Janoh: leave my trio alone
(31:21 / All) TheCoffinRoad: so teal
(31:23 / All) TheCoffinRoad: who won your duel?
(31:29 / All) iCRASHED: blue from towers
(31:30 / All) TheCoffinRoad: lol
(31:31 / All) Janoh: zzz
(31:34 / All) SecretAgentMan: you run from towers
(31:41 / All) iCRASHED: they are weak as fuck now
(31:43 / All) iCRASHED: so go win
(31:52 / All) iCRASHED: legit u guys have this np now
(31:54 / Allies) TheCoffinRoad: retard
(31:56 / All) SecretAgentMan: Called me a hoarder, he's a lumber hoarder
(32:01 / All) iCRASHED: he has 10k gold
(32:02 / Allies) TheCoffinRoad: why did oytu fight there lol
(32:02 / All) SecretAgentMan: lumber hoarding is 10x worse than gold hoarding
(32:04 / Allies) TheCoffinRoad: I was just nuking heroes
(32:30 / All) TheCoffinRoad: that's hilarious you talk shit then get raped by your ally and start begging me to push in the rest of your team like he didyou
(32:40 / All) iCRASHED: clearly u guys arent playing to win
(32:47 / All) iCRASHED: bc u could and ur nowhere near enough expanded
(32:53 / All) iCRASHED: D
(32:53 / All) iCRASHED: DD
(32:54 / All) iCRASHED: D
(34:55 / All) iCRASHED: gg blue cost u this game
(34:56 / All) iCRASHED: hording 10k
(34:59 / All) TheCoffinRoad: gg
(35:11 / All) Deathtome: YA MY TEAM ISNT EVEN FUCKING TRYING
(35:16 / All) TheCoffinRoad: :LOL
(35:36 / All) SecretAgentMan: whisper teal
(35:44 / All) SecretAgentMan: and asked if he raped why are his hero and all his wyrms dead
(35:45 / All) Deathtome: hahahahaha ya go fucking kill your self ass hole in not fucking funnny
(35:47 / All) SecretAgentMan: he squelched me lol
(35:48 / All) TheCoffinRoad: he's unavailable
(35:50 / All) TheCoffinRoad: (slapped.)
(35:53 / All) TheCoffinRoad: he's pissed
(35:57 / All) SecretAgentMan: lol
(36:05 / All) SecretAgentMan: I said "raped pussy lol" or something like that
(36:09 / All) SecretAgentMan: and he goes "I RAPED YOU MORON:
(36:12 / All) SecretAgentMan: lol
(36:23 / All) TheCoffinRoad: he just went solo dk and massed wyrms and thought he was great
(36:30 / All) TheCoffinRoad: never seen that before
(37:12 / Allies) Janoh: why
(37:17 / Allies) TheCoffinRoad: why what
(37:22 / Allies) Janoh: suiciding his gargs.
(37:30 / Allies) TheCoffinRoad: I didn't really want them anymore
(37:37 / Allies) Janoh: im using them
(37:40 / Allies) TheCoffinRoad: and you might as well leave, I don't really want or have need of you either
(37:42 / Allies) TheCoffinRoad: well that's too bad
(38:24 / All) SecretAgentMan: he asked for gold after trying to tk me lol
(38:30 / All) TheCoffinRoad: LOL
(39:17 / Allies) TheCoffinRoad: alright
(39:20 / Allies) TheCoffinRoad: I'll leave your stuff alone
(39:24 / Allies) Janoh: ..
(39:30 / Allies) Janoh: thank dick
(39:36 / Allies) Janoh: 2 left
(41:17 / Allies) TheCoffinRoad: b
(43:25 / All) tri86: you guys blow so hard
(43:27 / All) tri86: its just me
(43:27 / All) TheCoffinRoad: lol
(43:32 / All) tri86: took that long?
(43:38 / All) TheCoffinRoad: playin it safe
(43:44 / All) tri86: 4v1
(43:46 / All) tri86: 4v1
(43:52 / All) Janoh: nah
(43:54 / All) TheCoffinRoad: yeah and you lost
(43:55 / All) Janoh: 1v1
(43:56 / All) TheCoffinRoad: what's your point
(43:57 / All) tri86: 4v1 you fucking retard
(44:07 / All) tri86: 4v1 and he plays it safe
(44:07 / All) Janoh: OJ decided to kill off reds remaining units =x
(44:08 / All) TheCoffinRoad: I don't care about your sob story
(44:14 / All) TheCoffinRoad: Blue had thousands of gold
(44:19 / All) TheCoffinRoad: why wouldn't I play it safe and finish this slowly
(44:41 / All) tri86: jerkin off
(44:47 / All) tri86: have fun playing it safe
(45:16 / Allies) TheCoffinRoad: stop taking the whole map
(45:29 / Allies) Janoh: expand then
(45:36 / Allies) TheCoffinRoad: k
(45:55 / Allies) TheCoffinRoad: not sure what to kill to clear food lawl
(46:02 / Allies) TheCoffinRoad: that's their army
(46:06 / Allies) Janoh: whatd you do with wisps?
(46:11 / Allies) TheCoffinRoad: detonated
(46:14 / Allies) Janoh: why..
(46:22 / Allies) TheCoffinRoad: you were trying to take gold I may need
(46:23 / Allies) Janoh: can you not?
(46:26 / Allies) TheCoffinRoad: pink has fucking 4k
(46:29 / Allies) TheCoffinRoad: use that first, dick
(46:34 / Allies) Janoh: its got 2k left
(46:41 / Allies) TheCoffinRoad: he has fucking 4k
(46:43 / Allies) TheCoffinRoad: and I have 1.4k
(46:49 / Allies) TheCoffinRoad: so stop trying to take my gold or I fucking kill all your units
(46:51 / Allies) Janoh: they've been open all game
(47:09 / Allies) TheCoffinRoad: alright then, you die
(47:10 / Allies) Janoh: zz
(48:55 / Allies) Janoh: can you not?
(49:00 / Allies) TheCoffinRoad: can you not take my fucking gold prick
(49:10 / Allies) Janoh: THERES NO FUCKING GOLD MINE HERE
(49:12 / Allies) TheCoffinRoad: why don't you just leave jackass
(49:22 / Allies) TheCoffinRoad: let me finish the game and get a win
(49:25 / Allies) TheCoffinRoad: you did nothing anyway
(49:35 / Allies) Janoh: ya alright
(50:24 / Allies) TheCoffinRoad: Fucking prick
(50:36 / Allies) Janoh: cool
(50:37 / Allies) Janoh: fuck off
(61:54 / Allies) TheCoffinRoad: kill it, slave
(62:23 / Allies) Janoh: i would but you killed everything
(63:47 / Allies) TheCoffinRoad: he controlling that?
(63:53 / Allies) Janoh: dunno
(63:59 / Allies) TheCoffinRoad: I'm massing now
(66:19 / All) TheCoffinRoad: good job moving gryphons away, that's what takin it easy's all about
(66:24 / All) TheCoffinRoad: way easier now to roll you
(66:29 / All) TheCoffinRoad: patience is a virtue for a reason man
(66:31 / Allies) Janoh: i think hes afk
(70:47 / Allies) Janoh: lol
(70:54 / Allies) TheCoffinRoad: I just didn't want you to have it
(70:57 / Allies) TheCoffinRoad: only have so many food of acos
(71:01 / Allies) Janoh: yeah I know youre fucker
(71:04 / Allies) Janoh: we've established that already
(71:07 / Allies) TheCoffinRoad: lol
(72:29 / Allies) Janoh: why?
(73:11 / Allies) TheCoffinRoad: I felt like it
(74:01 / Allies) TheCoffinRoad: why don't you just leave and search a new game
(74:07 / Allies) Janoh: because O
(74:11 / Allies) Janoh: I'm going to bed after this one
(74:16 / Allies) Janoh: youre kinda fucking my morning over gith now
(74:18 / Allies) TheCoffinRoad: well I'm gonna kill all of pink's stuff then go afk
(74:23 / Allies) TheCoffinRoad: so you can't do anything
(74:31 / Allies) Janoh: cool, see you
(75:33 / Allies) TheCoffinRoad: ahhh, peace and quiet
(78:14 / Allies) TheCoffinRoad: I can leave my PC on all night so leave now or never
(78:26 / Allies) Janoh: or you could end it?
(78:32 / Allies) TheCoffinRoad: I don't think so, pal
(78:57 / Allies) Janoh: and why not?
(79:09 / Allies) TheCoffinRoad: I don't want you to get a win
(79:17 / Allies) TheCoffinRoad: you spent too much effort to get one at this point
(79:23 / Allies) TheCoffinRoad: don't deserve it after so long playing
(80:10 / Allies) Janoh: lol
(80:15 / Allies) Janoh: dont you mean I deserve it after this point?
(80:27 / Allies) TheCoffinRoad: No I mean you don't
(80:36 / Allies) TheCoffinRoad: no one willing to play that much for a win deserves one
(80:47 / Allies) Janoh: Lol speak for yourself you dumb fuck
(81:04 / Allies) TheCoffinRoad: what makes you think I'm here for a win?
(81:15 / Allies) TheCoffinRoad: if I wanted wins I would've left and found a new game ages ago
(81:25 / Allies) Janoh: yeah okay
(81:31 / Allies) TheCoffinRoad: I'm on a 0-0 account
(81:40 / Allies) TheCoffinRoad: not playin for wins
(81:56 / All) Janoh: sure
(82:14 / All) TheCoffinRoad: aight, you seem determined
(82:23 / All) TheCoffinRoad: want me to explain the rules yellow? I can give you a fair shot against purp
(83:06 / Allies) TheCoffinRoad: I'm going to kill all of my stuff
(83:12 / Allies) Janoh: cool
(83:12 / Allies) TheCoffinRoad: and will leave no units on the map at all
(83:14 / Allies) Janoh: purp wins
(83:20 / Allies) TheCoffinRoad: then you can leave your pc on and duke it against purp, k?
(83:25 / Allies) TheCoffinRoad: why would purp win, it'd be a standoff
(83:32 / Allies) TheCoffinRoad: You can stay ingame with purp until one of you leaves
(83:36 / Allies) TheCoffinRoad: I'll leave with no units on the map
(83:40 / Allies) TheCoffinRoad: sound fair?
(83:49 / Allies) Janoh: i dont really care dude
(83:52 / Allies) Janoh: you got 3 towers to kill
(83:57 / Allies) Janoh: if you wanna be a fucker, I cant stop you
(84:04 / Allies) Janoh: do whatever the fuck you want. I'm going to bed
(84:05 / Allies) TheCoffinRoad: will you stay if I make a standoff?
(84:07 / Allies) TheCoffinRoad: nice
(85:08 / Allies) Janoh: he still has griffons you should probably kill first
(85:15 / Allies) TheCoffinRoad: no he doesn't
(85:19 / Allies) TheCoffinRoad: where
(85:26 / Allies) Janoh: somewhere
(85:32 / Allies) TheCoffinRoad: I don't think so
(91:08 / All) TheCoffinRoad: gl both of you